 Dungeon Crawl Stone Soup version 0.23-a0-586-gacb4b3f (webtiles) character file.

321 galech the Chopper (level 6, -14/47 HPs)
             Began as a Demonspawn Fighter on Dec 19, 2018.
             Demolished by an ogre
             ... wielding a +0 giant club
              (16 damage)
             ... on level 4 of the Dungeon.
             The game lasted 00:03:50 (4289 turns).

galech the Chopper (Demonspawn Fighter)             Turns: 4289, Time: 00:03:50

Health: -14/47     AC: 11    Str: 16    XL:     6   Next: 22%
Magic:  6/6        EV:  7    Int: 10    God:
Gold:   266        SH:  9    Dex: 14    Spells: 5/5 levels left

rFire    . . .     SeeInvis .   a - +0 war axe
rCold    . . .     Gourm    .   c - +0 shield
rNeg     . . .     Faith    .   i - +0 chain mail
rPois    .         Spirit   .   k - +0 helmet
rElec    .         Reflect  .   (no cloak)
rCorr    .         Harm     .   g - +0 pair of gloves
MR       .....                  (no boots)
Stlth    ..........             (no amulet)
HPRegen  0.15/turn              o - ring of flight
MPRegen  0.10/turn              (no ring)

@: no status effects
A: claws 1, powered by death 1, sturdy frame 2
a: Evoke Flight


You were on level 4 of the Dungeon.
You were hungry.

You visited 1 branch of the dungeon, and saw 4 of its levels.

You collected 266 gold pieces.

Inventory:

Hand Weapons
 a - a +0 war axe (weapon)
Armour
 c - a +0 shield (worn)
 g - a +0 pair of gloves (worn)
 i - a +0 chain mail (worn)
 k - a +0 helmet (worn)
Jewellery
 o - a ring of flight (left hand)
Scrolls
 b - a scroll of fog {unknown}
 e - 3 scrolls of identify {unknown}
 j - 2 scrolls of magic mapping {unknown}
 l - a scroll of teleportation {unknown}
 p - a scroll of enchant weapon {unknown}
Potions
 h - a potion of degeneration
 n - a potion of cancellation {unknown}
Comestibles
 d - 2 chunks of flesh
 f - 12 rations


   Skills:
 + Level 3.5 Fighting
 + Level 4.1 Axes
 + Level 3.5 Armour
 + Level 1.0 Dodging
 + Level 1.1 Stealth
 + Level 3.6 Shields


You had 5 spell levels left.
You didn't know any spells.
Your spell library was empty.

Dungeon Overview and Level Annotations

Branches:
Dungeon (4/15)
 Temple: D:4-7

Altars:
Makhleb
Nemelex Xobeh
Sif Muna


Innate Abilities, Weirdness & Mutations

You have sharp fingernails.
You regenerate a little health from kills.
Your movements are less encumbered by armour. (ER -4)


Message History

You are too injured to fight recklessly!
You are too injured to fight recklessly!
You are too injured to fight recklessly!
You are too injured to fight recklessly!
You are too injured to fight recklessly!
You are too injured to fight recklessly!
You are too injured to fight recklessly!
You are too injured to fight recklessly!
You are too injured to fight recklessly!
You hit the ogre.
The ogre is severely wounded.
The ogre hits you with a +0 giant club!!
* * * LOW HITPOINT WARNING * * *
You hit the ogre.
The ogre is almost dead.
The ogre hits you but does no damage.
You hit the ogre.
The ogre is almost dead.
The ogre hits you with a +0 giant club!
You die...

##.##.... ......... ..
#.......# .. ##..#...
.. ...... . #...# .# .
###.†####...
#.#.@O.#... # #.
###........... .# #.
#..........###..# #
##.........##..########
####.....(.....##.....
#.......#.........#
#.....###..###..# #
##...##÷...# #...###
#.._..#.†.####...##.


You could see an ogre.

Vanquished Creatures
  An ogre (D:4)
  A scorpion (D:4)
  A hound (D:4)
  A worker ant (D:4)
  5 adders
  4 worms (D:3)
  A dart slug (D:1)
  2 leopard geckos (D:2)
  An orc (D:4)
  8 bats
  3 giant cockroaches
  10 goblins
  6 hobgoblins
  3 jackals (D:2)
  7 kobolds
  3 quokkas
  A ball python (D:2)
  6 frilled lizards
  6 rats
  A bush (D:1)
  A fungus (D:3)
  A toadstool (D:3)
73 creatures vanquished.

Vanquished Creatures (others)
  3 toadstools (D:3)
3 creatures vanquished.

Grand Total: 76 creatures vanquished

Notes
Turn   | Place    | Note
-------+----------+-------------------------------------------
     0 | D:1      | galech the Demonspawn Fighter began the quest for the Orb.
     0 | D:1      | Reached XP level 1. HP: 18/18 MP: 1/1
    87 | D:1      | Gained mutation: You regenerate a little health from kills.
                  | [demonic ancestry]
    87 | D:1      | Reached XP level 2. HP: 19/24 MP: 2/2
   549 | D:1      | Reached skill level 2 in Axes
  1601 | D:2      | Gained mutation: Your movements are slightly less
                  | encumbered by armour. (ER -2) [demonic ancestry]
  1601 | D:2      | Reached XP level 3. HP: 18/29 MP: 3/3
  2609 | D:2      | Reached XP level 4. HP: 35/35 MP: 4/4
  3109 | D:3      | Found a sparkling altar of Nemelex Xobeh.
  3362 | D:3      | Reached skill level 3 in Axes
  3716 | D:3      | Found a deep blue altar of Sif Muna.
  3753 | D:4      | Reached skill level 1 in Stealth
  3753 | D:4      | Gained mutation: You have sharp fingernails. [demonic
                  | ancestry]
  3753 | D:4      | Reached XP level 5. HP: 41/41 MP: 5/5
  3989 | D:4      | Noticed an ogre
  3994 | D:4      | Killed an ogre
  4248 | D:4      | Reached skill level 4 in Axes
  4248 | D:4      | Gained mutation: Your movements are less encumbered by
                  | armour. (ER -4) [demonic ancestry]
  4248 | D:4      | Reached XP level 6. HP: 47/47 MP: 6/6
  4256 | D:4      | Reached skill level 1 in Dodging
  4266 | D:4      | Found a burning altar of Makhleb.
  4287 | D:4      | HP: 2/47 [ogre/+0 giant club (21)]
  4289 | D:4      | Demolished by an ogre

Vault maps used:
D:1:      dpeg_arrival_radiant, serial_forest, infiniplex_forest_end_2,
          infiniplex_forest_lined_ring, infiniplex_forest_corner_1,
          infiniplex_forest_lined_corner, infiniplex_forest_clump_cross,
          chequers_serial_rivers_small_b, hangedman_abyss_or_decor_stabs
D:3:      nemelex_xobeh_ov_fountains_minmay, minmay_gold_behind_fungi,
          led_sif_pool
D:4:      lemuel_doored_altar, makhleb_heckhound_becter, first_ration

Skill      XL: |  1  2  3  4  5  6 |
---------------+-------------------+-----
Shields        | 3 |  3.6
Armour         | 3 |  3.5
Axes           | 2 3 4 |  4.1
Stealth        | 1 |  1.1
Dodging        | 1 |  1.0
Fighting       | |  3.5

Action                   |  1- 3 |  4- 6 || total
-------------------------+-------+-------++-------
Melee: War axe           |   222 |   137 ||   359
  Use: Potion            |     2 |     1 ||     3
  Eat: Chunk             |     5 |     6 ||    11
Armor: Scale mail        |    25 |       ||    25
       Chain mail        |    86 |    62 ||   148
Dodge: Dodged            |    51 |    23 ||    74
Block: Shield            |    76 |    49 ||   125

Table legend:
 A = Non-vault XP
 B = Vault XP
 C = Vault XP percentage of total XP
 D = Non-vault monster count
 E = Vault monster count
 F = Vault count percentage of total count
                 A         B        C        D         E       F
            +---------+---------+-------+---------+---------+-------
      Total |     416 |      43 |   9.4 |      69 |       1 |   1.4
            +---------+---------+-------+---------+---------+-------
        D:1 |      32 |       0 |   0.0 |      17 |       0 |   0.0
        D:2 |      70 |       0 |   0.0 |      26 |       0 |   0.0
        D:3 |      61 |       0 |   0.0 |      17 |       0 |   0.0
        D:4 |     253 |      43 |  14.5 |       9 |       1 |  10.0
            +---------+---------+-------+---------+---------+-------
